 Dungeon Crawl Stone Soup version 0.22-a0-113-gdd6f4a9 (webtiles) character file.

457 wvc the Cudgeler (level 7, -1/41 HPs)
             Began as a Gargoyle Monk on Jan 28, 2018.
             Slain by a gnoll
             ... wielding a +0 halberd
              (7 damage)
             ... on level 4 of the Dungeon.
             The game lasted 00:06:10 (3161 turns).

wvc the Cudgeler (Gargoyle Monk)                    Turns: 3161, Time: 00:06:10

Health: -1/41      AC: 12    Str: 14    XL:     7   Next: 6%
Magic:  7/7        EV: 10    Int: 12    God:
Gold:   180        SH:  3    Dex: 13    Spells: 6/6 levels left

rFire    . . .     SeeInvis .   a - +0 mace
rCold    . . .     Gourm    .   b - +0 buckler
rNeg     + . .     Faith    .   e - +0 ring mail
rPois    ∞         Spirit   .   n - +2 helmet
rElec    +         Reflect  .   (no cloak)
rCorr    .         Harm     .   (no gloves)
MR       .....                  (no boots)
Stlth    +.........             (no amulet)
HPRegen  0.13/turn              (no ring)
MPRegen  0.10/turn              (no ring)

@: no status effects
A: negative energy resistance 1, electricity resistance, unbreathing,
petrification resistance, rot immunity, AC +4
a: no special abilities


You were on level 4 of the Dungeon.
You were not hungry.

You visited 1 branch of the dungeon, and saw 4 of its levels.

You collected 180 gold pieces.

Inventory:

Hand Weapons
 a - a +0 mace (weapon)
Missiles
 g - 29 poisoned needles
 i - 3 needles of frenzy
Armour
 b - a +0 buckler (worn)
 e - a +0 ring mail (worn)
 n - a +2 helmet (worn)
Scrolls
 f - a scroll of remove curse
 k - a scroll of magic mapping
 l - 2 scrolls of blinking
Potions
 d - 3 potions of lignification
 m - a potion of invisibility {unknown}
 o - a potion of mutation {unknown}
Comestibles
 c - 6 rations


   Skills:
 - Level 3.2 Fighting
 + Level 7.8 Maces & Flails
 - Level 2.4 Dodging
 - Level 2.1 Stealth


You had 6 spell levels left.
You didn't know any spells.

Dungeon Overview and Level Annotations

Branches:
Dungeon (4/15)
 Temple: D:4-7

Altars:

Annotations:
D:4 wvc's ghost, amateur HOMo


Innate Abilities, Weirdness & Mutations

You are resistant to torment.
Your stone body is resilient. (AC +4)
You are immune to poison.
You resist negative energy. (rN+)
You are resistant to electric shocks. (rElec)
You can survive without breathing.
You are immune to petrification.
You are immune to rotting.


Message History

The gnoll is almost dead.
The gnoll hits you but does no damage. The gnoll hits you with a halberd.
The gnoll hits you from afar with a halberd!
You hit the gnoll.
You kill the gnoll!
The gnoll closely misses you. x2
You barely miss the quokka. The quokka closely misses you.
You block the gnoll's attack. The gnoll closely misses you.
You hit the quokka.
The quokka is severely wounded.
The quokka closely misses you.
The gnoll hits you from afar with a halberd!
* * * LOW HITPOINT WARNING * * *
The quokka completely misses you.
You closely miss the quokka.
The quokka is severely wounded.
The gnoll barely misses you. The quokka bites you.
* * * LOW HITPOINT WARNING * * *
The gnoll hits you from afar with a halberd!
You die...

...###### .. #.....#..
.!......# ..#+####.....#..
...r....+ .............#..
....g...# .............###
.....[..# .............#..
........# .............#..
.>......########......######..
######......#..#......#.......
+.....gr@.#......#.......
#.....g#..#......#.......
#......##'#......##..####
#.(...........#+######...
#.............'..# #...
+.............#..# #...
#.............########...
....>...######............
........# #............


You could see 2 gnolls and a quokka.

Vanquished Creatures
  2 ogres (D:4)
  A bullfrog skeleton (D:4)
  A centaur skeleton (D:4)
  An orc wizard (D:4)
  A worker ant (D:4)
  A gnoll (D:4)
  7 adders
  An ooze (D:3)
  A worm (D:3)
  3 dart slugs
  2 leopard geckos
  7 orcs
  10 ball pythons (D:2)
  3 giant cockroaches
  7 goblins
  9 hobgoblins
  3 jackals (D:2)
  A quokka (D:4)
  A ball python skeleton (D:4)
  6 bats
  3 frilled lizards
  8 kobolds
  A leopard gecko skeleton (D:4)
  10 rats
90 creatures vanquished.

Notes
Turn   | Place    | Note
-------+----------+-------------------------------------------
     0 | D:1      | wvc the Gargoyle Monk began the quest for the Orb.
     0 | D:1      | Reached XP level 1. HP: 14/14 MP: 1/1
   193 | D:1      | Reached XP level 2. HP: 18/19 MP: 2/2
   571 | D:2      | Reached skill level 4 in Maces & Flails
   595 | D:2      | Reached XP level 3. HP: 23/23 MP: 3/3
   961 | D:2      | Reached XP level 4. HP: 28/28 MP: 4/4
  1033 | D:2      | Reached skill level 5 in Maces & Flails
  1651 | D:3      | Reached XP level 5. HP: 20/32 MP: 5/5
  2323 | D:4      | Noticed an ogre
  2331 | D:4      | Killed an ogre
  2331 | D:4      | Reached skill level 6 in Maces & Flails
  2331 | D:4      | Reached XP level 6. HP: 21/37 MP: 6/6
  2551 | D:4      | Reached skill level 7 in Maces & Flails
  2826 | D:4      | Noticed wvc's ghost (amateur HOMo)
  3042 | D:4      | Reached XP level 7. HP: 33/41 MP: 7/7
  3161 | D:4      | Slain by a gnoll

Vault maps used:
D:1:      scummos_arrival_gate
D:2:      minmay_snake_closets

Skill      XL: |  1  2  3  4  5  6 |
---------------+-------------------+-----
Maces & Flails | 4 5 6 7 |  7.8
Fighting       | |  3.2
Dodging        | |  2.4
Stealth        | |  2.1

Action                   |  1- 3 |  4- 6 |  7- 9 || total
-------------------------+-------+-------+-------++-------
Melee: Mace              |   105 |   220 |    13 ||   338
Throw: Tomahawk          |    13 |     4 |     4 ||    21
  Use: Scroll            |     3 |     5 |     1 ||     9
       Potion            |       |       |     2 ||     2
 Stab: Sleeping          |       |     1 |       ||     1
  Eat: Chunk             |       |     3 |       ||     3
       Ration            |       |     2 |       ||     2
Armor: Ring mail         |    53 |   127 |     5 ||   185
       Skin              |       |       |    13 ||    13
Dodge: Dodged            |    69 |   123 |    25 ||   217
Block: Buckler           |    11 |    28 |     3 ||    42

Table legend:
 A = Spawn XP
 B = Non-spawn XP
 C = Spawn XP percentage of total XP
 D = Spawn monster count
 E = Non-spawn monster count
 F = Spawn count percentage of total count
 G = Total turns spent on level
                    A         B        C        D         E        F      G
               +---------+---------+-------+---------+---------+-------+---------
         Total |       0 |     653 |   0.0 |       0 |      90 |   0.0 |  3161
               +---------+---------+-------+---------+---------+-------+---------
           D:1 |       0 |      26 |   0.0 |       0 |      14 |   0.0 |   539
           D:2 |       0 |     118 |   0.0 |       0 |      36 |   0.0 |  1036
           D:3 |       0 |      71 |   0.0 |       0 |      23 |   0.0 |   674
           D:4 |       0 |     438 |   0.0 |       0 |      17 |   0.0 |   912
               +---------+---------+-------+---------+---------+-------+---------
